 Dungeon Crawl Stone Soup version 0.29-a0-542-g075992c915 (webtiles) character file.

Game seed: 12676738838129778894

4 zeratav the Digger (level 1, 0/14 HPs)
             Began as a Meteoran Earth Elementalist on June 3, 2022.
             Slain by a goblin
             ... wielding a +0 dagger
              (4 damage)
             ... on level 1 of the Dungeon.
             The game lasted 00:00:33 (44 turns).

zeratav the Digger (Meteoran Earth Elementalist)      Turns: 44, Time: 00:00:33

Health: 0/14       AC:  2    Str:  9    XL:     1   Next: 85%
Magic:  0/5        EV: 12    Int: 16    God:
Gold:   17         SH:  0    Dex: 14    Spells: 4/5 levels left

rFire   . . .      SeeInvis .   e - +0 dagger {short}
rCold   . . .      Faith    .   (no shield)
rNeg    . . .      Spirit   .   b - +0 robe
rPois   .          Reflect  .   (no helmet)
rElec   .          Harm     .   (no cloak)
rCorr   .          Rampage  .   (no gloves)
Will    .....                   (no boots)
Stlth   +.........              (no amulet)
HPRegen 0.04/turn               (no ring)
MPRegen 0.09/turn               (no ring)

@: glowing
A: sense surroundings 1, otherworldly, glowing, explore regen
a: no special abilities


You were on level 1 of the Dungeon.
You visited 1 branch of the dungeon, and saw 1 of its levels.

You collected 17 gold pieces.


Innate Abilities, Weirdness & Mutations

You passively map a small area around you.
You are easily found by Zot.
You glow in the dark.
You regain HP and MP as you explore.


   Skills:
 - Level 2.4 Dodging
 - Level 1.4 Stealth
 + Level 2.8 Spellcasting
 - Level 1.2 Transmutations
 * Level 3.9 Earth Magic


You had 4 spell levels left.
You knew the following spells:

 Your Spells              Type           Power      Damage    Failure   Level
a - Sandblast             Erth           28%        2d8       3%          1

Your spell library contained the following spells:

 Spells                   Type           Power      Damage    Failure   Level
 Passwall                 Tmut/Erth      8%         N/A       10%         2
 Stone Arrow              Conj/Erth      16%        3d8       26%         3
 Petrify                  Tmut/Erth      10%        N/A       54%         4

Inventory:

Hand Weapons
 e - a +0 dagger (weapon) {short}
   (You took it off a kobold on level 1 of the Dungeon)
Missiles
 a - 24 stones {throwing}
Armour
 b - a +0 robe (worn)
Potions
 c - a potion of magic
 d - a potion of invisibility {unknown}

Dungeon Overview and Level Annotations

Branches:
Dungeon (1/15)

Altars:

, ##.# , ..# ...* ,
..# , . * ,
#.#####.. ,,,,
#........
*##########.#......
,,
.......((†@g......
########.#####....
, ** * #.....#* . ,
##....# * ,,,,,
###....# , ,, *
##...##.# ,, ,
#.#..##.# *
,,##.##....# *
#.########


You could see a goblin.


Message History

🤖 Initializing magus.rc ...
Bad channel name for runrest: 'pray:' ✅ Successfully initialized magus.rc [v1.9.6] Welcome, zeratav the Meteoran Earth Elementalist.
Below lies the Orb of Zot, rumoured to be powerful enough to resurrect a god...
Press ? for a list of commands and other information.
Found a sapphire potion.
Found an escape hatch in the floor.
Found a staircase leading out of the dungeon.
d - a sapphire potion
There is a fountain of clear blue water here.
There is a dry fountain, spattered with blood here.
You now have 1 gold piece.
You now have 17 gold pieces (gained 16).
A kobold and a hobgoblin come into view.
The kobold shouts!
The hobgoblin shouts!
You hear a shout!
The kobold throws a stone.
The stone hits you.
A rat comes into view.
The hobgoblin moves out of view.
You hear an angry hiss.
HP[-2]
You take 2 damage, and now have 12/14 hp.
You see here 5 javelins {throwing}.
HP[+1]
Aiming: Sandblast (safe; 4% risk of failure)
Press: ? - help, Q - select action, (/) - cycle Shift-Dir - straight line, f - kobold
Aim: a kobold, wielding a +0 dagger and quivering stones (74% to hit)
The blast of sand misses the kobold.
MP[-1]
You lost 1 mp, and now have 4/5 mp.
Aiming: Sandblast (safe; 4% risk of failure)
Press: ? - help, Q - select action, (/) - cycle Shift-Dir - straight line, f/p - kobold
Aim: a kobold, wielding a +0 dagger and quivering stones (74% to hit)
The blast of sand hits the kobold!
You kill the kobold!
MP[-1]
You lost 1 mp, and now have 3/5 mp.
Things that are here:
a +0 dagger {short}; 2 stones {throwing}; a kobold corpse
e - a +0 dagger (weapon)
{short} You closely miss the hobgoblin.
A bat comes into view.
The hobgoblin hits you.
HP[-2]
You take 2 damage, and now have 11/14 hp.
You closely miss the hobgoblin. The hobgoblin barely misses you.
You hit the hobgoblin but do no damage. The hobgoblin hits you.
HP[-2]
You take 2 damage, and now have 9/14 hp.
You hit the hobgoblin. The hobgoblin hits you.
* * * LOW HITPOINT WARNING * * *
HP[-2]
You take 2 damage, and now have 7/14 hp.
You hit the hobgoblin but do no damage. The hobgoblin barely misses you.
You hit the hobgoblin.
The hobgoblin hits you but does no damage.
You hit the hobgoblin but do no damage. The hobgoblin misses you.
Aiming: Sandblast (safe; 4% risk of failure)
Press: ? - help, Q - select action, (/) - cycle Shift-Dir - straight line, f - hobgoblin
Aim: a hobgoblin (heavily wounded, 79% to hit)
The blast of sand hits the hobgoblin!
You kill the hobgoblin!
The bat barely misses you.
A goblin comes into view. It is wielding a +0 dagger.
Aiming: Sandblast (safe; 4% risk of failure)
Press: ? - help, Q - select action, (/) - cycle Shift-Dir - straight line, f - rat
Aim: a rat (79% to hit)
The blast of sand hits the rat.
You kill the rat!
The bat hits you.
* * * LOW HITPOINT WARNING * * *
HP[-1] MP[-1]
You take 1 damage, and now have 6/14 hp.
You lost 1 mp, and now have 2/5 mp.
Aiming: Sandblast (safe; 4% risk of failure)
Press: ? - help, Q - select action, (/) - cycle Shift-Dir - straight line, f - bat
Aim: a bat (69% to hit)
The blast of sand hits the bat!
You kill the bat!
MP[-1]
You lost 1 mp, and now have 1/5 mp.
You see here a hobgoblin corpse.
Aiming: Sandblast (safe; 3% risk of failure)
Press: ? - help, Q - select action, (/) - cycle Shift-Dir - straight line, f - goblin
Aim: a goblin, wielding a +0 dagger (74% to hit)
The blast of sand misses the goblin.
MP[-1]
You lost 1 mp, and now have 0/5 mp.
You don't have enough magic to cast this spell.
The goblin barely misses you.
HP[+1]
You barely miss the goblin. The goblin barely misses you.
You hit the goblin but do no damage. The goblin hits you with a +0 dagger.
* * * LOW HITPOINT WARNING * * *
HP[-3]
You take 3 damage, and now have 4/14 hp.
MASSIVE DAMAGE!! (PAUSE)
You closely miss the goblin. The goblin hits you with a +0 dagger.
You die...

Action                   || total
-------------------------++-------
Melee: Dagger            ||    10
 Cast: Sandblast         ||     6
Armor: Robe              ||     1
Dodge: Dodged            ||     6

Levels and vault maps discovered:
D:1:      amcnicky_arrival_gap_in_the_tavern_cellar, layout_rooms,
          dreamdust_ecumenical_altar_statues, minmay_distorted

Notes
Turn   | Place    | Note
-------+----------+-------------------------------------------
     0 | D:1      | zeratav the Meteoran Earth Elementalist began the quest for
                  | the Orb.
     0 | D:1      | Reached XP level 1. HP: 14/14 MP: 5/5
     0 | D:1      | magus.rc [v1.9.6]
    44 | D:1      | Slain by a goblin

Vanquished Creatures
  A hobgoblin (D:1)
  A kobold (D:1)
  A bat (D:1)
  A rat (D:1)
4 creatures vanquished.

Table legend:
 A = Non-vault XP
 B = Vault XP
 C = Vault XP percentage of total XP
 D = Non-vault monster count
 E = Vault monster count
 F = Vault count percentage of total count
                 A         B        C        D         E       F
            +---------+---------+-------+---------+---------+-------
      Total |       5 |       1 |  16.7 |       3 |       1 |  25.0
            +---------+---------+-------+---------+---------+-------
        D:1 |       5 |       1 |  16.7 |       3 |       1 |  25.0
            +---------+---------+-------+---------+---------+-------

Illustrated notes

Table legend:
 A = Kills in this place as a percentage of kills in entire the game.
 B = Kills by you in this place as a percentage of kills by you in the entire game.
 C = Kills by friends in this place as a percentage of kills by friends in the entire game.
 D = Other kills in this place as a percentage of other kills in the entire game.
 E = Experience gained in this place as a percentage of experience gained in the entire game.
 F = Experience gained in this place divided by the number of levels of this place that you have seen.
                   A       B       C       D       E      F
               +-------+-------+-------+-------+-------+----------------------
         Total | 100.0 | 100.0 |   N/A |   N/A | 100.0 |   6.0
       Dungeon | 100.0 | 100.0 |   N/A |   N/A | 100.0 |   6.0
               +-------+-------+-------+-------+-------+----------------------

Table legend: (Time is in decaauts)
 A = Elapsed time spent in this place.
 B = Non-inter-level travel time spent in this place.
 C = Inter-level travel time spent in this place.
 D = Time resting spent in this place.
 E = Time spent auto-exploring this place.
 F = Levels seen in this place.
 G = Mean time per level.
                   A        B        C        D        E       F      G
               +--------+--------+--------+--------+--------+-----+--------+
         Total |     43 |     43 |      0 |      0 |      0 |   1 |   43.0 |
       Dungeon |     43 |     43 |      0 |      0 |      0 |   1 |   43.0 |
               +--------+--------+--------+--------+--------+-----+--------+

Top non-repeatable levels by time:
     D:1: 43 daAuts
